TOP OF THE 1ST |
Great Falls Voyagers batting - Pitching for Orem Owlz : LHP Sanjog Veera
|
Pitching: LHP Sanjog Veera
|
|
Batting: RHB Orlando Blanco
|
0-0: Swinging Strike 0-1: Swinging Strike 0-2: Ball 1-2: Foul Ball, location: 2F 1-2: Strikes out looking
|
Batting: LHB Luis Flores
|
0-0: Ball 1-0: Ball 2-0: Ball 3-0: Base on Balls
|
Batting: SHB Eduardo Monzon
|
0-0: Swinging Strike 0-1: Swinging Strike 0-2: Ball Wild Pitch! Luis Flores to second 1-2: SINGLE (Groundball, 34D, EV 96.9 MPH) Luis Flores to third Runner from 3rd tries for Home, throw by RF and OUT! 9-2
|
Batting: RHB C.J. Chandler
|
0-0: Ball 1-0: Called Strike 1-1: Fielders Choice at 2nd, 6-4 (Groundball, 6, EV 80.0 MPH)
|
Top of the 1st over - 0 runs, 1 hit, 0 errors, 1 left on base; Great Falls 0 - Orem 0 |
BOTTOM OF THE 1ST |
Orem Owlz batting - Pitching for Great Falls Voyagers : RHP Roberto Garza
|
Pitching: RHP Roberto Garza
|
|
Batting: RHB Carlos Martinez
|
0-0: Ball 1-0: Called Strike 1-1: Ball 2-1: Foul Ball, location: 2F 2-2: Strikes out swinging
|
Batting: SHB Jesse Snyder
|
0-0: Called Strike 0-1: SINGLE (Flyball, 78M, EV 88.1 MPH)
|
Batting: LHB Matt Acevedo
|
0-0: Called Strike 0-1: Called Strike 0-2: DOUBLE (Line Drive, 7LS, EV 102.5 MPH) Jesse Snyder to third Runner from 3rd tries for Home, SAFE, throw by LF to trailing runner, SAFE at third!
|
Batting: RHB Valentyn Inverno
|
0-0: Ball 1-0: Ball 2-0: Ground out 6-3 (Groundball, 6S, EV 63.8 MPH) Matt Acevedo scores
|
Batting: LHB Mike Martinez
|
0-0: Ball 1-0: Ball 2-0: Called Strike 2-1: Called Strike 2-2: Strikes out swinging
|
Bottom of the 1st over - 2 runs, 2 hits, 0 errors, 0 left on base; Great Falls 0 - Orem 2 |
TOP OF THE 2ND |
Great Falls Voyagers batting - Pitching for Orem Owlz : LHP Sanjog Veera
|
Batting: RHB David Torres
|
0-0: Swinging Strike 0-1: Hit by Pitch
|
Batting: RHB Brian Harris
|
0-0: Called Strike 0-1: Grounds into double play, 5-4-3 (Groundball, 5, EV 109.4 MPH)
|
Batting: LHB Adrian Cruz
|
0-0: Ball 1-0: Ball 2-0: Foul Ball, location: 2F 2-1: SINGLE (Groundball, 4, EV 98.1 MPH) (infield hit)
|
Batting: RHB Tim Russell
|
0-0: Ball 1-0: Foul Ball, location: 2F 1-1: Foul Ball, location: 2F 1-2: Ball 2-2: Strikes out looking
|
Top of the 2nd over - 0 runs, 1 hit, 0 errors, 1 left on base; Great Falls 0 - Orem 2 |
BOTTOM OF THE 2ND |
Orem Owlz batting - Pitching for Great Falls Voyagers : RHP Roberto Garza
|
Batting: RHB Matt Trevizo
|
0-0: Ball 1-0: Ground out 1-3 (Groundball, 13S, EV 69.4 MPH)
|
Batting: RHB Jesus Rodarte
|
0-0: Ball 1-0: Called Strike 1-1: Fly out, F7 (Flyball, 7S, EV 80.0 MPH)
|
Batting: RHB Eric Moore
|
0-0: Ball 1-0: Called Strike 1-1: Ball 2-1: Called Strike 2-2: Ground out 3-1 (Groundball, 34, EV 99.4 MPH)
|
Bottom of the 2nd over - 0 runs, 0 hits, 0 errors, 0 left on base; Great Falls 0 - Orem 2 |
TOP OF THE 3RD |
Great Falls Voyagers batting - Pitching for Orem Owlz : LHP Sanjog Veera
|
Batting: RHB Brian Marut
|
0-0: Called Strike 0-1: Foul Ball, location: 2F 0-2: Ball 1-2: Foul Ball, location: 2F 1-2: Ground out 4-3 (Groundball, 4MS, EV 83.1 MPH)
|
Batting: RHB Orlando Blanco
|
0-0: Foul Ball, location: 2F 0-1: Foul Ball, location: 2F 0-2: Fly out, F7 (Flyball, 78D, EV 98.8 MPH)
|
Batting: LHB Luis Flores
|
0-0: Ground out 4-3 (Groundball, 4, EV 105.0 MPH)
|
Top of the 3rd over - 0 runs, 0 hits, 0 errors, 0 left on base; Great Falls 0 - Orem 2 |
BOTTOM OF THE 3RD |
Orem Owlz batting - Pitching for Great Falls Voyagers : RHP Roberto Garza
|
Batting: RHB Jeremy Allen
|
0-0: Foul Ball, location: 2F 0-1: Foul Ball, location: 2F 0-2: Ball 1-2: Foul Ball, location: 2F 1-2: Strikes out looking
|
Batting: RHB Carlos Martinez
|
0-0: Called Strike 0-1: Ball 1-1: SINGLE (Groundball, 13S, EV 63.8 MPH) (infield hit)
|
Batting: SHB Jesse Snyder
|
0-0: Ball 1-0: Ball 2-0: Ground out U3 (Groundball, 34, EV 101.3 MPH) Carlos Martinez to second
|
Batting: LHB Matt Acevedo
|
0-0: Called Strike 0-1: Ball 1-1: Ball 2-1: Ball 3-1: Ground out 4-3 (Groundball, 4, EV 101.3 MPH)
|
Bottom of the 3rd over - 0 runs, 1 hit, 0 errors, 1 left on base; Great Falls 0 - Orem 2 |
TOP OF THE 4TH |
Great Falls Voyagers batting - Pitching for Orem Owlz : LHP Sanjog Veera
|
Batting: SHB Eduardo Monzon
|
0-0: Swinging Strike 0-1: SINGLE (Groundball, 6MD, EV 101.9 MPH)
|
Batting: RHB C.J. Chandler
|
0-0: Ball 1-0: Ball 2-0: Ball 3-0: Base on Balls Eduardo Monzon to second
|
Batting: RHB David Torres
|
0-0: Fielders Choice at 2nd, 5-4 (Groundball, 56S, EV 85.0 MPH) Eduardo Monzon to third
|
Batting: RHB Brian Harris
|
0-0: Fielders Choice at 2nd, 4-6 (Groundball, 4, EV 84.4 MPH) Eduardo Monzon scores
|
Batting: LHB Adrian Cruz
|
0-0: Ball 1-0: Called Strike 1-1: Reached on error, E6 (Groundball, 6, EV 101.9 MPH) Brian Harris to second
|
Batting: RHB Tim Russell
|
0-0: Called Strike 0-1: Ball 1-1: Ground out 6-3 (Groundball, 6, EV 111.3 MPH)
|
Top of the 4th over - 1 run, 1 hit, 1 error, 2 left on base; Great Falls 1 - Orem 2 |
BOTTOM OF THE 4TH |
Orem Owlz batting - Pitching for Great Falls Voyagers : RHP Roberto Garza
|
Batting: RHB Valentyn Inverno
|
0-0: Ground out 5-3 (Groundball, 56S, EV 91.9 MPH)
|
Batting: LHB Mike Martinez
|
0-0: Ball 1-0: Foul Ball, location: 2F 1-1: Ball 2-1: DOUBLE (Line Drive, 89XD, EV 103.1 MPH)
|
Batting: RHB Matt Trevizo
|
0-0: Ball 1-0: Ground out 5-3 (Groundball, 56, EV 79.4 MPH)
|
Batting: RHB Jesus Rodarte
|
0-0: Called Strike 0-1: Ball 1-1: Ground out 5-3 (Groundball, 56S, EV 90.0 MPH)
|
Bottom of the 4th over - 0 runs, 1 hit, 0 errors, 1 left on base; Great Falls 1 - Orem 2 |
TOP OF THE 5TH |
Great Falls Voyagers batting - Pitching for Orem Owlz : LHP Sanjog Veera
|
Batting: RHB Brian Marut
|
0-0: Swinging Strike 0-1: Ball 1-1: Foul Ball, location: 2F 1-2: Ball 2-2: Fly out, F7 (Flyball, 7S, EV 88.1 MPH)
|
Batting: RHB Orlando Blanco
|
0-0: Ball 1-0: Swinging Strike 1-1: Called Strike 1-2: Ball 2-2: Ball 3-2: Ground out 4-3 (Groundball, 4, EV 99.4 MPH)
|
Batting: LHB Luis Flores
|
0-0: Called Strike 0-1: Foul Ball, location: 2F 0-2: Ball 1-2: Foul Ball, location: 2F 1-2: Ball 2-2: Ground out U3 (Groundball, 34S, EV 92.5 MPH)
|
Top of the 5th over - 0 runs, 0 hits, 0 errors, 0 left on base; Great Falls 1 - Orem 2 |
BOTTOM OF THE 5TH |
Orem Owlz batting - Pitching for Great Falls Voyagers : RHP Roberto Garza
|
Batting: RHB Eric Moore
|
0-0: Ball 1-0: Called Strike 1-1: Foul Ball, location: 2F 1-2: Foul Ball, location: 2F 1-2: Foul Ball, location: 2F 1-2: Strikes out swinging
|
Batting: RHB Jeremy Allen
|
0-0: Fly out, F8 (Flyball, 8LD, EV 89.4 MPH)
|
Batting: RHB Carlos Martinez
|
0-0: Called Strike 0-1: Ball 1-1: Fly out, F7 (Flyball, 7, EV 80.0 MPH)
|
Bottom of the 5th over - 0 runs, 0 hits, 0 errors, 0 left on base; Great Falls 1 - Orem 2 |
TOP OF THE 6TH |
Great Falls Voyagers batting - Pitching for Orem Owlz : LHP Sanjog Veera
|
Pitching: RHP David Travieso
|
|
Batting: SHB Eduardo Monzon
|
0-0: SINGLE (Groundball, 56S, EV 70.0 MPH) (infield hit)
|
Batting: RHB C.J. Chandler
|
0-0: Ball Eduardo Monzon steals 2nd base 1-0: Swinging Strike 1-1: Ball 2-1: Ball 3-1: Called Strike 3-2: Ground out 5-3 (Groundball, 56S, EV 90.0 MPH)
|
Batting: RHB David Torres
|
0-0: Ball 1-0: Swinging Strike 1-1: Ball 2-1: Called Strike 2-2: Ball 3-2: Base on Balls
|
Batting: RHB Brian Harris
|
0-0: SINGLE (Flyball, 8LM, EV 86.9 MPH) Eduardo Monzon to third David Torres to second
|
Batting: LHB Adrian Cruz
|
0-0: Foul Ball, location: 2F 0-1: Ball 1-1: DOUBLE (Line Drive, 7LD, EV 107.5 MPH) Eduardo Monzon scores David Torres scores Brian Harris to third Runner from 3rd tries for Home, SAFE, throw by LF to home
|
Batting: RHB Tim Russell
|
0-0: Foul Ball, location: 2F 0-1: Ball 1-1: Ball 2-1: Called Strike 2-2: Foul Ball, location: 2F 2-2: Foul Ball, location: 2F 2-2: Strikes out swinging
|
Batting: RHB Brian Marut
|
0-0: Ball 1-0: Called Strike 1-1: Called Strike 1-2: Foul Ball, location: 2F 1-2: Foul Ball, location: 2F 1-2: Ball 2-2: Strikes out swinging
|
Top of the 6th over - 3 runs, 3 hits, 0 errors, 1 left on base; Great Falls 4 - Orem 2 |
BOTTOM OF THE 6TH |
Orem Owlz batting - Pitching for Great Falls Voyagers : RHP Roberto Garza
|
Batting: SHB Jesse Snyder
|
0-0: Swinging Strike 0-1: Ball 1-1: Ball 2-1: Ball 3-1: Base on Balls
|
Batting: LHB Matt Acevedo
|
0-0: Ball 1-0: Swinging Strike 1-1: Called Strike 1-2: SINGLE (Flyball, 7S, EV 94.4 MPH) Jesse Snyder to second
|
Pitching: RHP Javon Walker
|
|
Batting: RHB Valentyn Inverno
|
0-0: Ball 1-0: Called Strike 1-1: Ball 2-1: Fly out, F9 (Flyball, 9LS, EV 90.6 MPH)
|
Batting: LHB Mike Martinez
|
0-0: Ball 1-0: Grounds into double play, 6-4-3 (Groundball, 6, EV 85.0 MPH)
|
Bottom of the 6th over - 0 runs, 1 hit, 0 errors, 1 left on base; Great Falls 4 - Orem 2 |
TOP OF THE 7TH |
Great Falls Voyagers batting - Pitching for Orem Owlz : RHP David Travieso
|
Pitching: RHP David Simpson
|
|
Batting: RHB Orlando Blanco
|
0-0: Ball 1-0: Ground out 3-1 (Groundball, 34S, EV 81.3 MPH)
|
Batting: LHB Luis Flores
|
0-0: Foul Ball, location: 2F 0-1: Ball 1-1: Ball 2-1: Fly out, F5 (Popup, 5SF, EV 75.6 MPH)
|
Batting: SHB Eduardo Monzon
|
0-0: Ball 1-0: Swinging Strike 1-1: Called Strike 1-2: Strikes out swinging
|
Top of the 7th over - 0 runs, 0 hits, 0 errors, 0 left on base; Great Falls 4 - Orem 2 |
BOTTOM OF THE 7TH |
Orem Owlz batting - Pitching for Great Falls Voyagers : RHP Javon Walker
|
Batting: RHB Matt Trevizo
|
0-0: Ball 1-0: Ball 2-0: Fly out, F9 (Line Drive, 9, EV 89.4 MPH)
|
Batting: RHB Jesus Rodarte
|
0-0: Swinging Strike 0-1: Ball 1-1: Foul Ball, location: 2F 1-2: Strikes out swinging
|
Batting: RHB Eric Moore
|
0-0: Called Strike 0-1: Swinging Strike 0-2: Foul Ball, location: 2F 0-2: Ball 1-2: Strikes out swinging
|
Bottom of the 7th over - 0 runs, 0 hits, 0 errors, 0 left on base; Great Falls 4 - Orem 2 |
TOP OF THE 8TH |
Great Falls Voyagers batting - Pitching for Orem Owlz : RHP David Simpson
|
Batting: RHB C.J. Chandler
|
0-0: Called Strike 0-1: Called Strike 0-2: Ball 1-2: Hit by Pitch
|
Batting: RHB David Torres
|
0-0: Ball 1-0: Grounds into double play, 4-6-3 (Groundball, 4, EV 85.6 MPH)
|
Batting: RHB Brian Harris
|
0-0: Ball 1-0: Swinging Strike 1-1: Ball 2-1: Ball 3-1: Foul Ball, location: 2F 3-2: Ground out 4-3 (Groundball, 34, EV 88.8 MPH)
|
Top of the 8th over - 0 runs, 0 hits, 0 errors, 0 left on base; Great Falls 4 - Orem 2 |
BOTTOM OF THE 8TH |
Orem Owlz batting - Pitching for Great Falls Voyagers : RHP Javon Walker
|
Batting: RHB Jeremy Allen
|
0-0: Ball 1-0: Foul Ball, location: 2F 1-1: Called Strike 1-2: Foul Ball, location: 2F 1-2: Foul Ball, location: 2F 1-2: Ball 2-2: Foul Ball, location: 2F 2-2: Strikes out looking
|
Batting: RHB Carlos Martinez
|
0-0: Swinging Strike 0-1: Ball 1-1: Ball 2-1: Ball 3-1: SINGLE (Groundball, 34D, EV 95.6 MPH)
|
Pitching: LHP Mario Negrete
|
|
Batting: SHB Jesse Snyder
|
0-0: DOUBLE (Flyball, 8RD, EV 104.4 MPH) Carlos Martinez to third
|
Batting: LHB Matt Acevedo
|
0-0: Called Strike 0-1: Swinging Strike 0-2: Ball 1-2: Ball 2-2: Strikes out looking
|
Batting: RHB Valentyn Inverno
|
0-0: Called Strike 0-1: Ball 1-1: Swinging Strike 1-2: Strikes out swinging
|
Bottom of the 8th over - 0 runs, 2 hits, 0 errors, 2 left on base; Great Falls 4 - Orem 2 |
TOP OF THE 9TH |
Great Falls Voyagers batting - Pitching for Orem Owlz : RHP David Simpson
|
Pitching: RHP Bill Weber
|
|
Batting: LHB Adrian Cruz
|
0-0: Called Strike 0-1: Ball 1-1: Ball 2-1: Ground out U3 (Groundball, 3L, EV 87.5 MPH)
|
Batting: RHB Tim Russell
|
0-0: Ball 1-0: Ball 2-0: DOUBLE (Line Drive, 9LS, EV 98.1 MPH)
|
Batting: RHB Brian Marut
|
0-0: Ball 1-0: Swinging Strike 1-1: Foul Ball, location: 2F 1-2: Strikes out swinging
|
Batting: RHB Orlando Blanco
|
0-0: Ground out 4-3 (Groundball, 4, EV 78.1 MPH)
|
Top of the 9th over - 0 runs, 1 hit, 0 errors, 1 left on base; Great Falls 4 - Orem 2 |
BOTTOM OF THE 9TH |
Orem Owlz batting - Pitching for Great Falls Voyagers : LHP Mario Negrete
|
Batting: LHB Mike Martinez
|
0-0: Ball 1-0: Ball 2-0: Ball 3-0: Base on Balls
|
Pinch Hitting: SHB Greg Prime
|
0-0: Foul Ball, location: 2F 0-1: Foul Ball, location: 2F 0-2: Ball 1-2: Ball 2-2: Ball 3-2: Foul Ball, location: 2F 3-2: Strikes out swinging
|
Pinch Hitting: RHB Antonio Torres
|
0-0: Called Strike 0-1: Ball 1-1: DOUBLE (Line Drive, 3D, EV 96.9 MPH) Mike Martinez to third
|
Pitching: LHP Mark Boyd
|
|
Pinch Hitting: RHB Domingo Contreras
|
0-0: Ball 1-0: Ball 2-0: Ball 3-0: Foul Ball, location: 2F 3-1: Base on Balls
|
Batting: RHB Jeremy Allen
|
0-0: Called Strike 0-1: Ball 1-1: Foul Ball, location: 2F 1-2: Fly out, F7 (Flyball, 7D, EV 100.0 MPH) Runner from 3rd tags up, SCORES, no throw by LF
|
Batting: RHB Carlos Martinez
|
0-0: Called Strike 0-1: Ball 1-1: DOUBLE (Groundball, 3L, EV 103.8 MPH) Antonio Torres scores Domingo Contreras to third Runner from 3rd tries for Home, SAFE, throw by RF to trailing runner, SAFE at third!
|
|
Game Over ... Orem defeats Great Falls, 5 to 4
|
|
 |
Sunday, July 16th , 2023 - OOTP Baseball 24.6 Build 69
|
|